 Dungeon Crawl Stone Soup version 0.23-a0-404-g0063841 (webtiles) character file.

301 ozpin88 the Cudgeler (level 6, -9/57 HPs)
             Began as a Gargoyle Berserker on Nov 5, 2018.
             Was a Believer of Trog.
             Killed by divine providence
             ... invoked by an orc priest
              (12 damage)
             ... on level 3 of the Dungeon.
             The game lasted 00:03:49 (2388 turns).

ozpin88 the Cudgeler (Gargoyle Berserker)           Turns: 2388, Time: 00:03:49

Health: -9/57      AC: 13    Str: 28    XL:     6   Next: 37%
Magic:  0/6        EV:  9    Int:  7    God:    Trog [**....]
Gold:   198        SH:  0    Dex:  9    Spells: 5/5 levels left

rFire    . . .     SeeInvis .   r - +0 scythe
rCold    . . .     Gourm    .   (shield currently unavailable)
rNeg     + . .     Faith    .   i - +0 chain mail
rPois    ∞         Spirit   +   (no helmet)
rElec    +         Reflect  .   d - scarf {Spirit}
rCorr    .         Harm     .   (no gloves)
MR       .....                  (no boots)
Stlth    ..........             (no amulet)
HPRegen  0.19/turn              (no ring)
MPRegen  0.10/turn              (no ring)

@: berserking (expiring), very quick
A: negative energy resistance 1, electricity resistance, unbreathing,
petrification resistance, rot immunity, AC +4
a: Berserk, Trog's Hand, Renounce Religion


You were on level 3 of the Dungeon.
You worshipped Trog.
Trog was pleased with you.
You were near starving.

You visited 1 branch of the dungeon, and saw 3 of its levels.

You collected 198 gold pieces.

Inventory:

Hand Weapons
 a - a +0 mace
 r - a +0 scythe (weapon)
Missiles
 q - 5 silver tomahawks (quivered)
Armour
 d - a scarf of spirit shield (worn)
 i - a +0 chain mail (worn)
Jewellery
 n - an uncursed amulet of the gourmand {unknown}
 u - an uncursed ring of poison resistance {unknown}
Scrolls
 b - 3 scrolls of random uselessness {unknown}
 f - a scroll of teleportation {unknown}
 g - 2 scrolls of blinking {unknown}
 h - 2 scrolls of identify {unknown}
 k - a scroll of fear {unknown}
 l - 2 scrolls of immolation {unknown}
 o - a scroll of amnesia {unknown}
 s - a scroll of noise {unknown}
Potions
 e - a potion of brilliance {unknown}
 j - a potion of haste {unknown}
 m - a potion of curing
 p - a potion of lignification {unknown}
 t - 2 potions of agility {unknown}
Comestibles
 c - 2 rations


   Skills:
 + Level 4.2 Fighting
 + Level 5.7 Maces & Flails
 + Level 0.3 Polearms
 + Level 3.3 Armour
 + Level 2.0 Dodging
 + Level 0.4 Stealth
 + Level 0.1 Unarmed Combat


You had 5 spell levels left.
You didn't know any spells.
Your spell library was empty.

Dungeon Overview and Level Annotations

Branches:
Dungeon (3/15)

Altars:
Gozag


Innate Abilities, Weirdness & Mutations

You are resistant to torment.
Your stone body is resilient. (AC +4)
You are immune to poison.
You resist negative energy. (rN+)
You are resistant to electric shocks. (rElec)
You can survive without breathing.
You are immune to petrification.
You are immune to rotting.


Message History

You are too injured to fight recklessly!
You are too injured to fight recklessly!
Your chain mail prevents you from hitting the orc.
The orc priest mumbles some strange prayers to Beogh against you.
Beogh smites you!
* * * LOW HITPOINT WARNING * * *
The orc barely misses you.
You are too berserk!
You are too berserk!
You closely miss the orc.
You are near starving!
The orc priest casts a cantrip, but nothing happens.
The orc hits you but does no damage.
You barely miss the orc. The orc closely misses you.
You slash the orc!
You kill the orc!
Trog accepts your kill.
The orc priest calls down the wrath of Beogh upon you.
Beogh smites you!
You die...

#.##.##...# #....
#.##.##...# #....
##########.##.##...###....
#................>........
##########.............†..
####.#..#......). #
#.....######..#
#####.#####............#
.....o)@................
###.#o###............... #
#.....####...... #.....#
........ #.....# .#......
#.....##.#...... #.....# #
#.....#


You could see 2 orc priests.

Vanquished Creatures
  Sigmund (D:3)
  A crimson imp (D:3)
  3 adders
  2 oozes
  A worm (D:2)
  3 dart slugs (D:1)
  5 orcs (D:3)
  A ball python (D:2)
  5 bats
  A giant cockroach (D:3)
  4 goblins
  9 hobgoblins
  5 jackals
  A quokka (D:3)
  3 frilled lizards
  5 kobolds
  4 rats
54 creatures vanquished.

Notes
Turn   | Place    | Note
-------+----------+-------------------------------------------
     0 | D:1      | ozpin88 the Gargoyle Berserker began the quest for the Orb.
     0 | D:1      | Reached XP level 1. HP: 14/14 MP: 1/1
   100 | D:1      | Reached XP level 2. HP: 19/19 MP: 2/2
   480 | D:1      | Reached XP level 3. HP: 24/24 MP: 3/3
  1199 | D:2      | Reached ** piety under Trog
  1209 | D:2      | Found an opulent altar of Gozag.
  1237 | D:2      | Reached skill level 4 in Maces & Flails
  1723 | D:3      | Reached XP level 4. HP: 27/29 MP: 4/4
  1954 | D:3      | Noticed Sigmund
  1994 | D:3      | Killed Sigmund
  1994 | D:3      | Reached skill level 5 in Maces & Flails
  1994 | D:3      | Reached XP level 5. HP: 33/33 MP: 3/5
  1994 | D:3      | Reached XP level 6. HP: 38/38 MP: 3/6
  2385 | D:3      | HP: 2/57 [orc priest/divine providence (8)]
  2388 | D:3      | Killed from afar by an orc priest

Vault maps used:
D:1:      dpeg_arrival_rooms_a
D:2:      first_ration, grunt_gozag_breadcrumbs
D:3:      old_standard_altar, minmay_liquid_box, minmay_cut_off, uniq_sigmund

Skill      XL: |  1  2  3  4 |
---------------+-------------+-----
Maces & Flails | 4 5 |  5.7
Fighting       | 4 |  4.2
Armour         | 3 |  3.3
Dodging        | 2 |  2.0
Polearms       | |  0.3
Stealth        | |  0.4
Unarmed Combat | |  0.1

Action                   |  1- 3 |  4- 6 || total
-------------------------+-------+-------++-------
Melee: Mace              |   113 |    34 ||   147
       Unarmed           |       |     2 ||     2
       Scythe            |       |    62 ||    62
Invok: Berserk           |       |     2 ||     2
  Use: Potion            |       |     1 ||     1
  Eat: Chunk             |     2 |     3 ||     5
Armor: Animal skin       |    10 |       ||    10
       Chain mail        |    55 |    92 ||   147
       Skin              |       |     1 ||     1
Dodge: Dodged            |    49 |    69 ||   118

Table legend:
 A = Non-vault XP
 B = Vault XP
 C = Vault XP percentage of total XP
 D = Non-vault monster count
 E = Vault monster count
 F = Vault count percentage of total count
                 A         B        C        D         E       F
            +---------+---------+-------+---------+---------+-------
      Total |     193 |     238 |  55.2 |      50 |       4 |   7.4
            +---------+---------+-------+---------+---------+-------
        D:1 |      50 |       0 |   0.0 |      23 |       0 |   0.0
        D:2 |      27 |       0 |   0.0 |       7 |       0 |   0.0
        D:3 |     116 |     238 |  67.2 |      20 |       4 |  16.7
            +---------+---------+-------+---------+---------+-------
